 Dungeon Sprint DCSS version 0.29-a0-284-gf9362112df (webtiles) character file.

Game seed: 10053866342223840534

7300000 horus123 the Conqueror (level 23, -10/219 HPs)
             Began as a Human Monk on Mar 17, 2022.
             Was the Champion of Makhleb.
             Mangled by a meat berserker
             ... wielding a +9 battleaxe
              (74 damage)
             ... in the Dungeon (Sprint VIII: "Arena of Blood").
             The game lasted 00:04:57 (73 turns).

horus123 the Conqueror (Human Monk)                   Turns: 73, Time: 00:04:57

Health: -10/219    AC:  4    Str: 22    XL:     23   Next: 66%
Magic:  32/54      EV: 29    Int: 10    God:    Makhleb [******]
Gold:   0          SH:  0    Dex: 17    Spells: 76/76 levels left

rFire   . . .      SeeInvis .   j - +∞ Axe of Woe
rCold   . . .      Faith    .   (shield currently unavailable)
rNeg    . . .      Spirit   .   b - +0 robe
rPois   .          Reflect  .   (no helmet)
rElec   .          Harm     .   (no cloak)
rCorr   .          Rampage  .   (no gloves)
Will    +....      NoTele   +   (no boots)
Stlth   ++++++++++              (no amulet)
HPRegen 0.46/turn               k - +250 ring of slaying
MPRegen 0.34/turn               (no ring)

@: no status effects
A: no striking features
a: Renounce Religion, Minor Destruction, Lesser Servant of Makhleb, Major
Destruction, Greater Servant of Makhleb


You were in the Dungeon.
You worshipped Makhleb.
Makhleb was exalted by your worship.
You visited 1 branch

Inventory:

Hand Weapons
 a - a +0 hand axe
 j - the +∞ Axe of Woe (weapon)
   (You found it in the Dungeon)
Armour
 b - a +0 robe (worn)
Jewellery
 k - a +250 ring of slaying (left hand)
Scrolls
 i - a scroll of blinking
Potions
 c - a potion of ambrosia
 d - a potion of curing
 e - a potion of heal wounds
 f - a potion of haste
 g - 2 potions of magic
 h - a potion of berserk rage


   Skills:
 O Level 27 Fighting
 O Level 27 Axes
 O Level 27 Maces & Flails
 O Level 27 Polearms
 O Level 27 Armour
 O Level 27 Dodging
 O Level 27 Stealth
 O Level 27 Spellcasting
 O Level 27 Conjurations
 + Level 19.7 Hexes
 O Level 27 Invocations


You had 76 spell levels left.
You didn't know any spells.
Your spell library was empty.

Dungeon Overview and Level Annotations

Branches:
Dungeon (1/1)

Altars:
Makhleb


Message History

Cleave: j) +∞ Axe of Woe
Press: ? - help, Dir - move target, f - sculptor of flesh
Aim: a sculptor of flesh, wielding a +9 great sword and wearing a +250 ring of slaying (lightly damaged, about 0% to evade the +∞ Axe of Woe)
Your weapon can't reach that far!
Okay, then.
You hear a shout! x10
You slice the sculptor of flesh!!
You cleave the sculptor of flesh in twain.
You destroy the sculptor of flesh!
Makhleb accepts your kill.
You feel better.
You hear a shout! x10
Your Hexes skill gained 2 levels and is now at level 19!
A meat berserker comes into view. It is wielding a +9 battleaxe.
The meat berserker shouts!
You hear a shout!
You hear a bark!
You hear a shout! x3
The bag of meat barely misses you.
You hear a shout! x7
Things that are here:
a +9 great sword; a +250 ring of slaying
k - a +250 ring of slaying You hear a shout! x6
A meat berserker comes into view. It is wielding a +9 battleaxe.
You hear a shout!
A meat berserker comes into view. It is wielding a +9 battleaxe.
You hear a shout!
The bag of meat hits you with a +9 war axe.
* * * LOW HITPOINT WARNING * * *
You hear a shout! x9
The meat berserker moves out of view.
You slash the bag of meat!
You butcher the bag of meat messily.
You blow up the bag of meat!
Makhleb accepts your kill.
You hear a shout! x12
k - a +250 ring of slaying (left hand)
You hear a shout! x5
You hear a shout! x13
You hear a shout! x9
You hear a shout! x4
The meat berserker hits you with a +9 battleaxe!!!!
You die...

##############
.....=.......####
........)O@.....#
...##.##O#####.....
........))°o........
####.....##O##.......
.
............)).......
#........O.#)#§......
#..........))§§....##
#..........)z)☼.....
..#.......)))D.☼.....


You could see 2 meat berserkers.

Vanquished Creatures
  4 vampire knights (D)
  17 ogres (D)
  4 two-headed ogres (D)
  A hydra (D)
  27 orcs (D)
  A skeletal warrior (D)
54 creatures vanquished.

Vanquished Creatures (others)
  A two-headed ogre (D)
1 creature vanquished.

Grand Total: 55 creatures vanquished

Notes
Turn   | Place    | Note
-------+----------+-------------------------------------------
     0 | D        | Found the +∞ Axe of Woe
     0 | D        | horus123 the Human Monk began the quest for the Orb.
     0 | D        | Reached XP level 1. HP: 18/18 MP: 1/1
     1 | D        | Noticed a bag of meat
     2 | D        | Killed a bag of meat
     2 | D        | Noticed a bag of meat
     2 | D        | Noticed a bag of meat
     2 | D        | Noticed a bag of meat
     3 | D        | Reached skill level 15 in Axes
     3 | D        | Reached XP level 2. HP: 43/43 MP: 2/2
     3 | D        | Reached XP level 3. HP: 49/49 MP: 3/3
     3 | D        | Reached XP level 4. HP: 56/56 MP: 4/4
     3 | D        | Reached XP level 5. HP: 62/62 MP: 5/5
     3 | D        | Reached XP level 6. HP: 69/69 MP: 6/6
     3 | D        | Reached XP level 7. HP: 75/75 MP: 7/7
     3 | D        | Reached XP level 8. HP: 82/82 MP: 8/8
     3 | D        | Reached XP level 9. HP: 88/88 MP: 9/9
     3 | D        | Reached XP level 10. HP: 95/95 MP: 10/10
     3 | D        | Reached XP level 11. HP: 101/101 MP: 11/11
     4 | D        | Noticed a meat berserker
     4 | D        | Noticed a meat berserker
     5 | D        | Became a worshipper of Makhleb the Destroyer
     5 | D        | Reached * piety under Makhleb
     5 | D        | Reached ** piety under Makhleb
     6 | D        | Noticed a bag of meat
     7 | D        | Noticed a bag of meat
     8 | D        | Killed a bag of meat
     8 | D        | Killed a meat berserker
     9 | D        | Reached XP level 12. HP: 136/136 MP: 12/12
     9 | D        | Reached XP level 13. HP: 143/143 MP: 13/13
     9 | D        | Noticed a bag of meat
    10 | D        | Noticed a bag of meat
    10 | D        | Noticed a meat berserker
    10 | D        | Noticed a meat berserker
    10 | D        | Noticed a bag of meat
    10 | D        | Noticed a large bag of meat
    11 | D        | Killed a bag of meat
    11 | D        | Reached *** piety under Makhleb
    11 | D        | Killed a bag of meat
    11 | D        | Noticed a bag of meat
    12 | D        | Reached skill level 27 in Fighting
    12 | D        | Reached XP level 14. HP: 93/153 MP: 14/14
    12 | D        | Killed a bag of meat
    12 | D        | Killed a meat berserker
    12 | D        | Noticed a bag of meat
    12 | D        | Noticed a meat berserker
    13 | D        | Reached XP level 15. HP: 159/159 MP: 15/15
    14 | D        | Reached **** piety under Makhleb
    14 | D        | Noticed a meat berserker
    16 | D        | Killed a meat berserker
    16 | D        | Killed a large bag of meat
    16 | D        | Reached ***** piety under Makhleb
    16 | D        | Killed a meat berserker
    17 | D        | Reached skill level 27 in Axes
    17 | D        | Reached XP level 16. HP: 131/167 MP: 16/16
    17 | D        | Reached XP level 17. HP: 137/174 MP: 17/17
    18 | D        | Killed a meat berserker
    18 | D        | Noticed a meat berserker
    19 | D        | Reached skill level 27 in Dodging
    19 | D        | Reached XP level 18. HP: 182/182 MP: 17/41
    19 | D        | Noticed a meat berserker
    19 | D        | Noticed a meat berserker
    20 | D        | Reached ****** piety under Makhleb
    20 | D        | Killed a meat berserker
    21 | D        | Reached skill level 27 in Spellcasting
    21 | D        | Reached XP level 19. HP: 189/189 MP: 17/50
    23 | D        | Noticed a meat berserker
    24 | D        | Killed a meat berserker
    25 | D        | Noticed a meat berserker
    26 | D        | Killed a meat berserker
    26 | D        | Noticed a destroyer
    27 | D        | Reached skill level 27 in Invocations
    27 | D        | Reached XP level 20. HP: 197/197 MP: 19/51
    27 | D        | Noticed a large bag of meat
    27 | D        | Killed a meat berserker
    28 | D        | Noticed a meat berserker
    29 | D        | Noticed an eight-headed meat hydra
    29 | D        | Killed a destroyer
    30 | D        | Reached skill level 27 in Armour
    30 | D        | Reached skill level 10 in Stealth
    30 | D        | Noticed a meat berserker
    30 | D        | Noticed a meat berserker
    30 | D        | Noticed a meat berserker
    31 | D        | Killed a large bag of meat
    31 | D        | Killed a meat berserker
    32 | D        | Reached XP level 21. HP: 79/204 MP: 20/52
    32 | D        | Killed a meat berserker
    33 | D        | Killed a meat berserker
    33 | D        | Noticed a large bag of meat
    33 | D        | Noticed a destroyer
    34 | D        | Reached skill level 27 in Stealth
    36 | D        | Reached skill level 15 in Maces & Flails
    37 | D        | Killed a meat berserker
    38 | D        | Killed a meat berserker
    38 | D        | Killed a meat berserker
    38 | D        | Noticed a destroyer
    39 | D        | Noticed a large bag of meat
    39 | D        | Noticed a large bag of meat
    41 | D        | Noticed a meat berserker
    41 | D        | Killed a large bag of meat
    42 | D        | Reached XP level 22. HP: 41/212 MP: 23/53
    43 | D        | Noticed a destroyer
    44 | D        | Killed a meat berserker
    45 | D        | Reached skill level 27 in Maces & Flails
    45 | D        | Killed a large bag of meat
    47 | D        | Killed a destroyer
    47 | D        | Killed a large bag of meat
    48 | D        | Reached skill level 27 in Polearms
    48 | D        | Reached XP level 23. HP: 105/219 MP: 24/54
    50 | D        | Killed a destroyer
    53 | D        | Killed a destroyer
    54 | D        | Reached skill level 27 in Conjurations
    54 | D        | Reached skill level 15 in Hexes
    73 | D        | Mangled by a meat berserker

Illustrated notes

Levels and vault maps discovered:
D:        meatsprint

Skill      XL: |  1  2  3  4  5  6  7  8  9 10 11 12 13 14 15 16 17 18 19 20 21 22 23 |
---------------+----------------------------------------------------------------------+-----
Fighting       | 14 26 27 | 27.0
Axes           | 15 18 21 27 | 27.0
Dodging        | 14 16 19 26 27 | 27.0
Stealth        | 6 24 27 | 27.0
Polearms       | 8 13 21 27 | 27.0
Spellcasting   | 19 27 | 27.0
Invocations    | 8 27 | 27.0
Armour         | 18 27 | 27.0
Maces & Flails | 23 27 | 27.0
Conjurations   | 21 27 | 27.0
Hexes          | 19 | 19.7

Action                   |  1- 3 |  4- 6 |  7- 9 | 10-12 | 13-15 | 16-18 | 19-21 | 22-24 || total
-------------------------+-------+-------+-------+-------+-------+-------+-------+-------++-------
Melee: Executioner's axe |     1 |       |       |     1 |     4 |     2 |    13 |    10 ||    31
Dodge: Dodged            |       |       |       |       |     2 |       |       |     1 ||     3

Table legend: (Time is in decaauts)
 A = Elapsed time spent in this place.
 B = Non-inter-level travel time spent in this place.
 C = Inter-level travel time spent in this place.
 D = Time resting spent in this place.
 E = Time spent auto-exploring this place.
 F = Levels seen in this place.
 G = Mean time per level.
                   A        B        C        D        E       F      G
               +--------+--------+--------+--------+--------+-----+--------+
         Total |     65 |     65 |      0 |      0 |      0 |   1 |   65.0 |
       Dungeon |     65 |     65 |      0 |      0 |      0 |   1 |   65.0 |
               +--------+--------+--------+--------+--------+-----+--------+

Top non-repeatable levels by time:
       D: 65 daAuts
